 Dungeon Crawl Stone Soup version 0.31-a0-73-g838c19eb66 (webtiles) character file.

Game seed: 1823569039060605729

815 Kenran the Grappler (level 7, -4/114 HPs)
             Began as a Vampire Fighter on May 23, 2023.
             Slain by a killer bee (7 damage)
             ... on level 7 of the Dungeon.
             The game lasted 00:06:38 (2814 turns).

Kenran the Grappler (Vampire Fighter)               Turns: 2814, Time: 00:06:39

Health: -4/114     AC: 23    Str: 23    XL:     7   Next: 62%
Magic:  7/7        EV:  2    Int: 11    God:
Gold:   225        SH:  4    Dex: 13    Spells: 6/6 levels left

rFire   . .          .
                       - Unarmed
rCold   . . .        b - +0 buckler
rNeg    . . .        r - melded +1 chain mail
rPois   +            (helmet currently unavailable)
rElec   .            (cloak currently unavailable)
rCorr   +            (gloves currently unavailable)
SInv    +            (boots currently unavailable)
Will    .....        (no amulet) Stlth
                     e - ring of resist corrosion
HPRegen 0.59/turn    n - +6 ring of strength
MPRegen 0.10/turn

%: no passive effects
@: mighty, berserking (expiring), tree-form, healing quickly, very quick
A: stationary, stasis, torment immunity, boosted hp, alive, (fangs 3), see
invisible, vampiric 2
a: Exsanguinate


You were on level 7 of the Dungeon.
You were a tree.
You visited 1 branch of the dungeon, and saw 5 of its levels.

You collected 225 gold pieces.

Inventory:

Hand Weapons
 j - a +2 whip of venom
Missiles
 u - 3 poisoned darts (quivered)
Armour
 b - a +0 buckler (worn)
 r - a +1 chain mail (melded)
Jewellery
 e - a ring of resist corrosion (left branch)
 n - a +6 ring of strength (right branch)
Scrolls
 a - a scroll of silence
 f - a scroll of magic mapping {unknown}
 g - a scroll of vulnerability {!r}
 h - a scroll of poison {unknown}
 p - a scroll of enchant armour
 v - a scroll of fog {unknown}
Potions
 d - a potion of lignification {!q}
 i - a potion of heal wounds {unknown}
 k - a potion of haste {unknown}
 l - a potion of enlightenment {unknown}
 m - a potion of mutation {unknown}
 o - 2 potions of berserk rage {!q}
 q - 2 potions of brilliance {unknown}
 s - a potion of attraction {unknown}
 t - a potion of resistance {unknown}


   Skills:
 - Level 2.6 Fighting
 - Level 2.4 Armour
 - Level 2.6 Shields
 + Level 9.7 Unarmed Combat


You had 6 spell levels left.
You didn't know any spells.
Your spell library contained the following spells:

 Spells                   Type           Power      Damage    Failure   Level
 Blink                    Tloc           0%         N/A       54%         2
 Lesser Beckoning         Tloc           0%         N/A       54%         2
 Momentum Strike          Conj/Tloc      0%         3d8       54%         2
 Summon Guardian Golem    Hex/Summ       0%         N/A       78%         3
 Orb of Destruction       Conj           0%         9d5       100%        7
 Spellforged Servitor     Conj/Summ      0%         N/A       100%        7


Dungeon Overview and Level Annotations

Branches:
Dungeon (4/15)
 Temple: D:4-7

Altars:

Shops:
D:2 :


Innate Abilities, Weirdness & Mutations

You are a tree.
Your roots penetrate the ground, keeping you stationary.
You cannot be teleported.
You are immune to unholy pain and torment.
Your maximum health is greatly increased.
Your equipment is partially melded.
Your natural rate of healing is accelerated.
((You have razor-sharp teeth.))
You have supernaturally acute eyesight. (SInv)
You are afflicted with vampirism and can become a bat while bloodless.


Message History

The killer bee is heavily wounded.
You feel sick.
The killer bee stings you but does no damage. x4
The killer bee stings you.
* * * LOW HITPOINT WARNING * * *
The killer bee stings you but does no damage.
You pummel the killer bee!!
You kill the killer bee!
You feel sick. You block the killer bee's attack. The killer bee stings you.
* * * LOW HITPOINT WARNING * * *
You pummel the yak!!
The yak is severely wounded.
The killer bee stings you but does no damage. x2
You barely miss the yak.
The yak is severely wounded.
You feel sick. You block the killer bee's attack.
The killer bee stings you but does no damage.
You block the yak's attack.
You pummel the yak!!
You kill the yak!
The killer bee stings you but does no damage.
The killer bee barely misses you.
Your Unarmed Combat skill increases to level 9!
You are too berserk!
You hit the centaur.
The centaur is lightly wounded.
You feel sick.
You are no longer poisoned.
The killer bee stings you.
* * * LOW HITPOINT WARNING * * *
The killer bee stings you.
* * * LOW HITPOINT WARNING * * *
You pummel the centaur!!
You kill the centaur!
You block the killer bee's attack.
The killer bee stings you but does no damage.
You swing at nothing.
The killer bee stings you but does no damage.
The killer bee stings you!
You die...

#.. #.. # ########### #..
..... #.........# #..
...!. #.........# #..
....# #......[..# ####..
#... ##.........# #.....
#...##y.........##...###
####...Y)♣............ ##
.......Yy##.....###... ##.
###.....#######.....#.##..
##.....### ####.......#
#.........#### #...##.##..
..##....#....###.####.##.#
. #...(###...Y>...##.##.#
#..... #........##.##.#
....... #........##.#..#


You could see 2 yaks and 2 killer bees.

Vanquished Creatures
  A yak (D:7)
  A water moccasin (D:7)
  2 sky beasts (D:7)
  A centaur (D:7)
  A scorpion (D:4)
  A killer bee (D:7)
  An orc wizard (D:4)
  6 adders
  An ufetubus (D:3)
  2 worms
  2 dart slugs
  4 orcs
  9 endoplasms
  4 giant cockroaches
  2 goblins
  9 hobgoblins
  8 jackals
  12 kobolds
  7 quokkas
  5 ball pythons
  12 bats
  6 frilled lizards
  7 rats
104 creatures vanquished.

Notes
Turn   | Place    | Note
-------+----------+-------------------------------------------
     0 | D:1      | Kenran the Vampire Fighter began the quest for the Orb.
     0 | D:1      | Reached XP level 1. HP: 17/17 MP: 1/1
   100 | D:1      | Found a faded altar of an unknown god.
   167 | D:1      | Reached skill level 3 in Unarmed Combat
   167 | D:1      | Reached XP level 2. HP: 23/23 MP: 2/2
   406 | D:1      | Gained mutation: You are afflicted with vampirism and can
                  | become a bat while bloodless. [Vampire growth]
   406 | D:1      | Reached XP level 3. HP: 28/28 MP: 3/3
   445 | D:1      | Reached skill level 4 in Unarmed Combat
  1123 | D:2      | Reached XP level 4. HP: 34/34 MP: 4/4
  1184 | D:2      | Found Ytial's Vocational Training.
  1228 | D:2      | Reached skill level 5 in Unarmed Combat
  2446 | D:4      | Reached XP level 5. HP: 39/39 MP: 5/5
  2475 | D:4      | Reached skill level 6 in Unarmed Combat
  2654 | D:4      | You fall into a shaft and drop 3 floors!
  2665 | D:7      | Noticed a yak
  2665 | D:7      | Noticed a yak
  2665 | D:7      | Noticed a yak
  2669 | D:7      | Noticed a water moccasin
  2676 | D:7      | Killed a water moccasin
  2677 | D:7      | Reached skill level 7 in Unarmed Combat
  2677 | D:7      | Reached XP level 6. HP: 31/46 MP: 6/6
  2696 | D:7      | Noticed a sky beast
  2709 | D:7      | Killed a sky beast
  2710 | D:7      | Reached skill level 8 in Unarmed Combat
  2725 | D:7      | Noticed a sky beast
  2750 | D:7      | Killed a sky beast
  2751 | D:7      | Reached XP level 7. HP: 47/51 MP: 7/7
  2811 | D:7      | Killed a yak
  2812 | D:7      | Reached skill level 9 in Unarmed Combat
  2812 | D:7      | HP: 3/114 [killer bee (4)]
  2814 | D:7      | Slain by a killer bee

Illustrated notes

Levels and vault maps discovered:
D:1:      saegor_arrival_under_anarchy, layout_basic,
          hellmonk_ecumenical_altar_blasted
D:2:      layout_rooms, nicolae_shop_vocational
D:3:      layout_loops_corners, chequers_serial_rivers_micro_b, hex_medium,
          lexackson_kobold_supper
D:4:      layout_rooms, uniq_robin
D:7:      layout_rooms, mainiacjoe_overflow_catwalk_spiral,
          minmay_misc_feat_tiny

Skill      XL: |  1  2  3  4  5  6  7 |
---------------+----------------------+-----
Unarmed Combat | 3 4 5 7 8 9 |  9.7
Fighting       | |  2.6
Armour         | |  2.4
Shields        | |  2.6

Action                     |  1- 3 |  4- 6 |  7- 9 || total
---------------------------+-------+-------+-------++-------
  Melee: Unarmed           |   214 |   168 |    17 ||   399
         Bite              |    15 |    15 |       ||    30
  Throw: Dart              |       |     3 |       ||     3
    Use: Scroll            |       |     4 |     1 ||     5
         Potion            |       |     2 |     3 ||     5
 Armour: Scale mail        |    87 |     4 |       ||    91
         Chain mail        |       |    61 |     1 ||    62
         Skin              |       |       |    41 ||    41
  Dodge: Dodged            |    88 |    46 |     8 ||   142
  Block: Buckler           |    35 |    31 |    12 ||    78

Table legend: (Time is in decaauts)
 A = Elapsed time spent in this place.
 B = Non-inter-level travel time spent in this place.
 C = Inter-level travel time spent in this place.
 D = Time resting spent in this place.
 E = Time spent auto-exploring this place.
 F = Levels seen in this place.
 G = Mean time per level.
                   A        B        C        D        E       F      G
               +--------+--------+--------+--------+--------+-----+--------+
         Total |   2792 |   2726 |     66 |    113 |   1679 |   5 |  558.4 |
       Dungeon |   2792 |   2726 |     66 |    113 |   1679 |   5 |  558.4 |
               +--------+--------+--------+--------+--------+-----+--------+

Top non-repeatable levels by time:
     D:3: 1095 daAuts
     D:1: 877 daAuts
     D:2: 499 daAuts
     D:4: 169 daAuts
     D:7: 150 daAuts
